 Dungeon Crawl Stone Soup version 0.30.0 (webtiles) character file.

Game seed: 3097177920942287251

15042 Firecrotchwizard the Severer (level 11, -27/162 HPs)
             Began as a Minotaur Berserker on May 6, 2023.
             Was a High Priest of Trog.
             Annihilated by Rupert
             ... wielding a +2 battleaxe of venom
              (44 damage)
             ... on level 3 of the Lair of Beasts.
             The game lasted 00:23:30 (13213 turns).

Firecrotchwizard the Severer (Minotaur Berserker)  Turns: 13213, Time: 00:23:30

Health: -27/162    AC: 22    Str: 24    XL:     11   Next: 96%
Magic:  10/10      EV:  9    Int:  6    God:    Trog [*****.]
Gold:   750        SH:  0    Dex: 10    Spells: 10/10 levels left

rFire   . . .        O - +1 demon trident (vamp)
rCold   . . .        (no shield)
rNeg    . . .        E - +0 plate armour
rPois   +            (helmet restricted)
rElec   .            o - +0 cloak
rCorr   .            m - +0 pair of gloves
SInv    .            N - +1 pair of boots
Will    ++...        (no amulet) Stlth
                     M - +4 ring of protection
HPRegen 1.47/turn    A - ring of poison resistance
MPRegen 0.12/turn

%: no passive effects
@: berserking, lethally poisoned (-27 -> -31), strong-willed, regenerating, very
quick
A: horns 2, retaliatory headbutt
a: Renounce Religion, Berserk, Trog's Hand, Brothers in Arms


You were on level 3 of the Lair of Beasts.
You worshipped Trog.
Trog was extremely pleased with you.
You visited 2 branches of the dungeon, and saw 13 of its levels.

You collected 905 gold pieces.
You spent 155 gold pieces at shops.

Inventory:

Hand Weapons
 q - a +0 executioner's axe of freezing
 C - a +0 battleaxe
 O - a +1 vampiric demon trident (weapon)
 T - a +0 demon whip of venom
Armour
 m - a +0 pair of gloves (worn)
 n - a scarf of repulsion
 o - a +0 cloak (worn)
 E - a +0 plate armour (worn)
 N - a +1 pair of boots (worn)
Jewellery
 r - an amulet of magic regeneration
 w - a ring of willpower
 x - a +6 ring of dexterity
 A - a ring of poison resistance (right hand)
 M - a +4 ring of protection (left hand)
 R - a ring of protection from fire
Wands
 p - a wand of flame (14)
 y - a wand of digging (8)
 F - a wand of polymorph (12)
Scrolls
 g - 2 scrolls of blinking
 h - 3 scrolls of silence
 i - 10 scrolls of identify
 l - 3 scrolls of amnesia
 t - a scroll of teleportation
 u - a scroll of fear
 P - a scroll of brand weapon
 Q - 3 scrolls of poison
 S - 2 scrolls of immolation
Potions
 c - 3 potions of invisibility
 d - 2 potions of magic {unknown}
 e - a potion of might
 f - 6 potions of curing
 s - a potion of attraction {unknown}
 v - 3 potions of flight {unknown}
 z - 4 potions of haste {unknown}
 B - a potion of resistance {unknown}
 G - 3 potions of heal wounds {unknown}
 H - a potion of berserk rage {unknown}
 I - 4 potions of lignification {unknown}
 K - a potion of brilliance
 L - 2 potions of degeneration {unknown}


   Skills:
 + Level 13.8 Fighting
 - Level 16.0 Axes
 + Level 7.9 Armour
 + Level 7.2 Dodging


You had 10 spell levels left.
You didn't know any spells.
Your spell library was empty.

Dungeon Overview and Level Annotations

Branches:
Dungeon (10/15)            Temple (0/1) D:5            Lair (3/5) D:9
 Shoals (0/4) Lair:2          Orc (0/2) D:9
  Snake: Lair:2-3    Spider: Lair:2-3

Altars:
Dithmenos
Nemelex Xobeh
Qazlal
Sif Muna
Wu Jian
Yredelemnul
The Shining One

Shops:
D:4 *

Annotations:
D:8 2 transporters, GloriousHammer's ghost, novice OgIE
Lair:3 Gastronok; Rupert


Innate Abilities, Weirdness & Mutations

You have a pair of horns on your head.
You reflexively headbutt those who attack you in melee.


Message History

Trog accepts your kill.
No target in view!
HP restored.
i - 10 scrolls of identify (gained 1)
You now have 722 gold pieces (gained 20).
Found a stone staircase leading down.
You now have 729 gold pieces (gained 7).
G - 3 viscous puce potions (gained 1)
S - 2 scrolls of immolation (gained 1)
Found a robe.
Q - 3 scrolls of poison (gained 1)
d - 2 blue potions (gained 1)
Found a hand axe.
Found 6 stones.
Found Great Wizards, Vol.
VII.
Found a stone staircase leading up.
You now have 750 gold pieces (gained 21).
Found a stone staircase leading up.
A bullfrog comes into view.
The bullfrog gives a loud, deep croak!
The bullfrog snags a nearby centipede with its tongue.
The bullfrog hits you but does no damage.
You impale the bullfrog!! You headbutt the bullfrog.
The bullfrog is severely wounded.
The bullfrog closely misses you.
You puncture the bullfrog!
You kill the bullfrog!
Trog accepts your kill.
No target in view!
Found 9 stones.
Rupert the Wild comes into view.
He is wielding a +2 battleaxe of venom and wearing a +1 scale mail of willpower.
Rupert shouts!
Your troll goes berserk!
Rupert roars madly and goes into a rage!
Rupert goes berserk!
Your troll barely misses Rupert.
Your troll claws Rupert.
Your troll misses Rupert.
Rupert hits your troll with a +2 battleaxe of venom!!
Your troll bites Rupert!
Your troll claws Rupert!
Your troll claws Rupert.
You reach to attack!
You hit Rupert but do no damage.
Rupert is lightly wounded.
Rupert hits your troll with a +2 battleaxe of venom!!!
Your troll dies!
Your troll's corpse disappears in a puff of smoke!
You hear a horrible gurgling sound!
You reach to attack!
You closely miss Rupert.
Rupert is lightly wounded.
You hit Rupert but do no damage.
Rupert is lightly wounded.
Rupert closely misses you.
Rupert hits you with a +2 battleaxe of venom!
You hit Rupert but do no damage.
Rupert is lightly wounded.
Rupert hits you with a +2 battleaxe of venom!
You are poisoned.
You hit Rupert.
You feel better.
Your headbutt misses Rupert.
Rupert is lightly wounded.
You feel very sick.
Rupert hits you with a +2 battleaxe of venom!
You hit Rupert.
Rupert is lightly wounded.
You feel sick. Rupert closely misses you.
You barely miss Rupert.
Rupert is lightly wounded.
You feel very sick.
Rupert hits you with a +2 battleaxe of venom!!
* * * LOW HITPOINT WARNING * * *
Your skin crawls.
You feel strong-willed.
You feel sick. Rupert completely misses you. You furiously retaliate!
You headbutt Rupert.
Rupert hits you with a +2 battleaxe of venom!
* * * LOW HITPOINT WARNING * * *
A red film seems to cover your vision as you go berserk!
You feel yourself moving faster!
You feel mighty!
You feel sick.
Rupert hits you with a +2 battleaxe of venom!
* * * LOW HITPOINT WARNING * * *
You barely miss Rupert.
Rupert is lightly wounded.
Rupert completely misses you. You furiously retaliate!
You headbutt Rupert! You closely miss Rupert. Your headbutt misses Rupert.
Rupert is moderately wounded.
You feel sick.
Gastronok the Ponderous comes into view.
He is wearing the +3 hat of Pondering {ponderous, Will+ MP+10 Int+5}.
Rupert hits you with a +2 battleaxe of venom!
* * * LOW HITPOINT WARNING * * *
You are more poisoned.
You puncture Rupert!
You feel better.
Rupert is moderately wounded.
You feel very sick.
You puncture Rupert!
Rupert is moderately wounded.
You feel sick.
Rupert hits you with a +2 battleaxe of venom!!
* * * LOW HITPOINT WARNING * * *
You puncture Rupert!
You feel better.
Rupert is heavily wounded.
You feel very sick.
Rupert hits you with a +2 battleaxe of venom!!!
You die...

##..##.##...... ..##w.
#...... .#...## ##.....
..?..# #.....# ....#
##....# ...# #.....# ..#
#..... . #@## #....# ..#
##@P# #..... .... #...#
####..... .....##..#
###.###..## #.....#.##
###P.........
....#...###.##.........
^............##.........
........................
.###..#..P.#............
#......###.............


You could see Gastronok and Rupert (berserk).

Vanquished Creatures
  3 two-headed ogres
  Nergalle (Lair:2)
  Amaemon (Lair:2)
  Pikel (D:7)
  A water nymph (Lair:2)
  3 cane toads (Lair:1)
  Maggie (D:9)
  An orange demon (Lair:2)
  A rime drake (Lair:3)
  2 komodo dragons
  A troll (D:9)
  A hornet (D:10)
  Prince Ribbit (D:5)
  3 blink frogs (Lair:1)
  A vampire (D:10)
  4 wyverns
  A basilisk (Lair:2)
  10 yaks
  Grum (D:9)
  3 steam dragons (D:7)
  2 acid dragons
  3 water moccasins
  2 black bears
  An ice beast (D:6)
  2 sky beasts
  2 ogres
  2 centaurs
  4 wolves (D:9)
  3 bullfrogs
  A kobold brigand (D:10)
  A necrophage (D:4)
  2 scorpions
  A water moccasin zombie (D:4)
  3 wights (D:4)
  A water moccasin skeleton (D:4)
  17 killer bees
  3 howler monkeys (D:10)
  6 electric eels
  7 hounds
  A bullfrog zombie (D:4)
  6 orc priests
  A gnoll bouda (D:8)
  A human zombie (D:4)
  Jessica (D:2)
  6 iguanas
  Natasha (twice) (D:2)
  7 orc wizards
  2 scorpion zombies (D:4)
  A hound skeleton (D:4)
  A hound zombie (D:4)
  3 mummies (D:4)
  Robin (D:2)
  A howler monkey zombie (D:4)
  6 adders
  8 gnolls
  A shadow imp (D:6)
  4 white imps
  2 adder zombies (D:4)
  4 dart slugs
  40 orcs
  4 endoplasms
  A giant cockroach (D:2)
  18 goblins
  6 hobgoblins
  3 jackals (D:1)
  7 quokkas
  9 ball pythons
  9 bats
  4 frilled lizards
  14 kobolds
  A quokka zombie (D:4)
  3 rats
282 creatures vanquished.

Vanquished Creatures (collateral kills)
  Urug (D:10)
1 creature vanquished.

Vanquished Creatures (others)
  3 fungi (D:8)
  3 plants
  7 withered plants (D:4)
13 creatures vanquished.

Grand Total: 296 creatures vanquished

Notes
Turn   | Place    | Note
-------+----------+-------------------------------------------
     0 | D:1      | Firecrotchwizard the Minotaur Berserker began the quest for
                  | the Orb.
     0 | D:1      | Reached XP level 1. HP: 19/19 MP: 0/0
    90 | D:1      | Reached skill level 4 in Axes
    94 | D:1      | Reached XP level 2. HP: 19/27 MP: 1/1
   533 | D:1      | Reached XP level 3. HP: 33/33 MP: 2/2
   766 | D:1      | Reached ** piety under Trog
   994 | D:2      | Reached skill level 5 in Axes
  1142 | D:2      | Noticed Natasha
  1148 | D:2      | Killed Natasha
  1149 | D:2      | Reached XP level 4. HP: 38/41 MP: 3/3
  1212 | D:2      | Noticed Robin
  1233 | D:2      | Killed Robin
  1762 | D:2      | Noticed Jessica
  1770 | D:2      | Killed Jessica
  1771 | D:2      | Reached skill level 5 in Fighting
  1771 | D:2      | Reached skill level 6 in Axes
  1771 | D:2      | Reached XP level 5. HP: 36/48 MP: 4/4
  2041 | D:2      | Noticed Natasha
  2049 | D:2      | Killed Natasha
  2439 | D:3      | Reached *** piety under Trog
  2496 | D:3      | Found a glowing golden altar of the Shining One.
  2527 | D:3      | Identified the +1 short sword of Voytas {heavy, rF+ Will-
                  | Int+4}
  2833 | D:4      | Reached skill level 7 in Axes
  2833 | D:4      | Reached XP level 6. HP: 46/56 MP: 5/5
  3237 | D:4      | Found Taimenuv's Assorted Antiques.
  3245 | D:4      | Bought a bronze ring for 155 gold pieces
  3424 | D:4      | Reached skill level 8 in Axes
  3424 | D:4      | Reached XP level 7. HP: 55/63 MP: 6/6
  3542 | D:4      | Found a basalt altar of Yredelemnul.
  3575 | D:4      | Reached **** piety under Trog
  3581 | D:4      | Reached skill level 9 in Axes
  3827 | D:5      | Entered Level 5 of the Dungeon
  3842 | D:5      | Found a staircase to the Ecumenical Temple.
  4066 | D:5      | Found a stormy altar of Qazlal.
  4268 | D:5      | Found a shadowy altar of Dithmenos.
  4347 | D:5      | Found an ornate altar of the Wu Jian Council.
  4518 | D:5      | Found a shimmering blue altar of Sif Muna.
  4553 | D:5      | Reached XP level 8. HP: 73/73 MP: 7/7
  4615 | D:5      | Reached skill level 10 in Axes
  4700 | D:5      | Noticed Prince Ribbit
  4711 | D:5      | Killed Prince Ribbit
  5262 | D:6      | Reached skill level 11 in Axes
  5793 | D:7      | Noticed Pikel
  5813 | D:7      | Killed Pikel
  5814 | D:7      | Reached skill level 12 in Axes
  5814 | D:7      | Reached XP level 9. HP: 71/82 MP: 8/8
  6075 | D:7      | Reached skill level 13 in Axes
  6546 | D:8      | Reached skill level 10 in Fighting
  6725 | D:8      | Reached ***** piety under Trog
  6830 | D:8      | Reached skill level 14 in Axes
  7316 | D:8      | Found a sparkling altar of Nemelex Xobeh.
  7385 | D:8      | Noticed a moth of wrath
  7395 | D:8      | Found a transporter.
  7398 | D:8      | Noticed GloriousHammer's ghost (novice OgIE)
  7417 | D:8      | Found a transporter.
  7640 | D:9      | Noticed a two-headed ogre
  7641 | D:9      | Noticed a troll
  7648 | D:9      | Reached XP level 10. HP: 53/94 MP: 9/9
  7801 | D:9      | Noticed a two-headed ogre
  7809 | D:9      | Killed a two-headed ogre
  7932 | D:9      | Found a staircase to the Orcish Mines.
  7955 | D:9      | Noticed Grum
  7958 | D:9      | Reached skill level 15 in Axes
  7971 | D:9      | Killed Grum
  8123 | D:9      | Noticed Maggie
  8133 | D:9      | Killed Maggie
  8192 | D:9      | Found a staircase to the Lair.
  8746 | D:9      | Reached skill level 16 in Axes
  9191 | D:9      | Killed a two-headed ogre
  9211 | D:10     | Entered Level 10 of the Dungeon
  9348 | D:10     | Noticed a two-headed ogre
  9355 | D:10     | Killed a two-headed ogre
  9356 | D:10     | Reached XP level 11. HP: 90/105 MP: 10/10
  9946 | D:10     | Noticed Urug
  9960 | D:10     | Killed Urug
  9961 | D:10     | Reached skill level 5 in Armour
 10449 | Lair:1   | Entered Level 1 of the Lair of Beasts
 10694 | Lair:1   | Reached skill level 5 in Dodging
 12055 | Lair:2   | Noticed Amaemon
 12419 | Lair:2   | Noticed Nergalle
 12438 | Lair:2   | Killed Nergalle
 12725 | Lair:2   | Killed Amaemon
 13195 | Lair:3   | Noticed Rupert
 13210 | Lair:3   | Noticed Gastronok
 13213 | Lair:3   | Annihilated by Rupert

Illustrated notes

Levels and vault maps discovered:
D:1:      dpeg_chamrin_arrival_tetris, layout_basic
D:2:      layout_loops_ring, uniq_robin, uniq_natasha, uniq_jessica
D:3:      layout_basic, marbit_many_paths
D:4:      layout_loops_ring, lemuel_mausoleum_altar_yredelemnul, serial_shops,
          nicolae_shop_hallway_stairs, serial_undead, serial_undead_c,
          serial_undead_b, serial_undead_e, serial_undead_e, serial_undead_b,
          serial_undead_b, st_stairs_12
D:5:      layout_gridville, grunt_dithmenos_smoke_and_mirrors,
          mainiacjoe_overflow_six_doors_small,
          mainiacjoe_overflow_concentric_impassable,
          mainiacjoe_overflow_24_doors, minmay_temple_entry_glassed_door,
          uniq_prince_ribbit1
D:6:      layout_cave_pools, minmay_statues_item
D:7:      layout_cave_pools, uniq_pikel
D:8:      layout_loops_ring, nemelex_diamond_rough_becter,
          gammafunk_ghost_berserking_beasts, dreamdust_mushroom_princess
D:9:      layout_loops_ring, erik_lair_island, erik_orc_3, uniq_maggie,
          uniq_grum
D:10:     layout_irregular_city, uniq_urug
Lair:1:   statuecave_lemuel, layout_concentric_octagons,
          grunt_forest_small_clearing_treed
Lair:2:   layout_regular_city, nicolae_shoals_entry_flooding, ldierk_geyser,
          minmay_stone_trees_medium, grunt_megastairs_2, lemuel_fruit_fields,
          uniq_amaemon, uniq_nergalle
Lair:3:   layout_gridlike, spider_nest_entry_funnel_web, minmay_hedge_maze,
          uniq_rupert, uniq_gastronok

Skill      XL: |  1  2  3  4  5  6  7  8  9 10 11 |
---------------+----------------------------------+-----
Axes           | 4 5 6 7 8 9 12 14 16 | 16.0
Fighting       | 4 5 6 7 8 10 12 13 | 13.8
Armour         | 4 7 |  7.9
Dodging        | 3 7 |  7.2

Action                     |  1- 3 |  4- 6 |  7- 9 | 10-12 || total
---------------------------+-------+-------+-------+-------++-------
  Melee: Hand axe          |    55 |       |       |       ||    55
         Headbutt          |     8 |    33 |    93 |    57 ||   191
         Punch             |     1 |     1 |     7 |     1 ||    10
         Whip              |    25 |   169 |   276 |       ||   470
         Battleaxe         |       |       |    38 |   163 ||   201
         Demon trident     |       |       |       |   175 ||   175
 Invoke: Trog's Hand       |       |       |       |     3 ||     3
         Berserk           |       |       |       |     3 ||     3
         Brothers in Arms  |       |       |       |     2 ||     2
  Evoke: Wand              |       |       |       |     8 ||     8
    Use: Scroll            |       |       |    11 |     2 ||    13
   Stab: Sleeping          |     1 |       |       |       ||     1
 Armour: Animal skin       |     9 |       |       |       ||     9
         Chain mail        |     7 |    78 |    17 |       ||   102
         Plate armour      |       |       |   154 |   206 ||   360
  Dodge: Dodged            |    57 |    76 |   112 |   116 ||   361
